 Dungeon Crawl Stone Soup version 0.30-b1-2-g02819fbbbe (webtiles) character file.

Game seed: 9436870167346403366

289 Floobenga the Magician (level 6, -3/47 HPs)
             Began as a Meteoran Earth Elementalist on Aug 7, 2023.
             Slain by an ogre
             ... wielding a +0 giant club
              (34 damage)
             ... on level 6 of the Dungeon.
             The game lasted 00:22:49 (542 turns).

Floobenga the Magician (Meteoran Earth Elementalist) Turns: 542, Time: 00:22:50

Health: -3/47      AC:  2    Str:  9    XL:     6   Next: 89%
Magic:  12/16      EV: 12    Int: 19    God:
Gold:   135        SH:  0    Dex: 15    Spells: 11/17 levels left

rFire   . . .        l - +0 trident
rCold   . . .        (no shield)
rNeg    . . .        a - +0 robe
rPois   .            (no helmet)
rElec   .            (no cloak)
rCorr   .            (no gloves)
SInv    .            (no boots)
Will    .....        (no amulet)
Stlth   +            (no ring)
HPRegen 0.27/turn    (no ring)
MPRegen 0.15/turn

%: no passive effects
@: glowing
A: sense surroundings 1, otherworldly, glowing, explore regen
a: no special abilities


You were on level 6 of the Dungeon.
You visited 1 branch of the dungeon, and saw 6 of its levels.

You collected 135 gold pieces.

Inventory:

Hand Weapons
 g - a +0 great sword
 l - a +0 trident (weapon)
Missiles
 e - 3 poisoned darts (quivered)
 x - 4 silver javelins {+f}
 J - 2 atropa-tipped darts
 K - 5 boomerangs of dispersal
Armour
 a - a +0 robe (worn)
 h - a +0 buckler
 n - a +0 leather armour
Wands
 D - a wand of digging (2)
Scrolls
 c - a scroll of identify {unknown}
 f - a scroll of fog {unknown}
 i - a scroll of enchant weapon {unknown}
 m - a scroll of immolation {unknown}
Potions
 b - a potion of magic
 d - a potion of degeneration {unknown}
 j - 2 potions of curing {unknown}
 k - a potion of cancellation {unknown}
 o - a potion of brilliance {unknown}


   Skills:
 - Level 1.0 Fighting
 - Level 2.0 Throwing
 - Level 2.4 Dodging
 - Level 1.4 Stealth
 * Level 6.4 Spellcasting
 - Level 1.0 Conjurations
 - Level 1.2 Transmutations
 - Level 5.0 Earth Magic


You had 11 spell levels left.
You knew the following spells:

 Your Spells              Type           Power      Damage    Failure   Level
a - Sandblast             Erth           50%        2d12      1%          1
s - Passwall              Tmut/Erth      14%        N/A       4%          2
z - Stone Arrow           Conj/Erth      34%        3d9       10%         3

Your spell library contained the following spells:

 Spells                   Type           Power      Damage    Failure   Level
 Necrotise                Necr           24%        1d5       11%         1
 Petrify                  Tmut/Erth      17%        N/A       30%         4
 Vampiric Draining        Necr           6%         2d6       32%         3
 Agony                    Necr           6%         N/A       96%         5


Dungeon Overview and Level Annotations

Branches:
Dungeon (6/15) Zot: 3047
 Temple: D:4-7

Altars:
Fedhas
Qazlal
Ru
Wu Jian

Shops:
D:1 (


Innate Abilities, Weirdness & Mutations

You passively map a small area around you.
You are easily found by Zot.
You glow in the dark.
You regain HP and MP as you explore.


Message History

You continue meditating on the rock.
You finish merging with the rock.
Found 2 atropa-tipped darts.
You see here 2 atropa-tipped darts.
J - 2 atropa-tipped darts
Casting: Passwall (safe; 4% risk of failure)
Confirm with . or Enter, or press ? or * to list all spells.
Aiming: Stone Arrow (dangerous; 10% risk of failure)
Press: ? - help, Shift-Dir - straight line, f - ogre
Aim: an ogre, wielding a +0 giant club (lightly wounded, 85% to hit)
The stone arrow hits the ogre.
The ogre is moderately wounded.
Casting: Stone Arrow (dangerous; 10% risk of failure)
Confirm with . or Enter, or press ? or * to list all spells.
Aiming: Stone Arrow (dangerous; 10% risk of failure)
Press: ? - help, Shift-Dir - straight line, f/p - ogre
Aim: an ogre, wielding a +0 giant club (moderately wounded, 85% to hit)
The stone arrow misses the ogre.
Unknown command.
Unknown command.
Press: ? - help, v - describe, . - travel
Here: an ogre, wielding a +0 giant club (moderately wounded)
The floor.
Unknown command.
Unknown command.
Unknown command.
The ogre attacks as you move away! The ogre closely misses you.
The ogre attacks as you move away!
The ogre hits you with a +0 giant club!!
Casting: Stone Arrow (dangerous; 10% risk of failure)
Confirm with . or Enter, or press ? or * to list all spells.
Aiming: Passwall (safe; 4% risk of failure)
Press: ? - help, Dir - move target, p - ogre A rock wall.
You begin to meditate on the wall.
You continue meditating on the rock.
The ogre barely misses you.
You continue meditating on the rock.
The ogre hits you with a +0 giant club!!
Ouch! That really hurt!
You die...

#.. . ., # , , ###.#*
#.# #### ,
#...#####.### ##.## ,
##..........>####...#
**#....##..###.........
##.#.##..# #........#
#.#....O###.........
##O####........##.##.
#..@# ####.###.####*.
#.....# #.# #?# *,*.
#..#..# #.#*#.# **.
#......, ... #.# _
##...### $.. #.. ,.
##..., .$.(.### #.##
.....* , #.* , ** * ,


You could see an ogre.

Vanquished Creatures
  A water moccasin (D:5)
  A bullfrog (D:6)
  A scorpion (D:4)
  An iguana (D:5)
  3 adders
  3 endoplasms
  3 hobgoblins
13 creatures vanquished.

Notes
Turn   | Place    | Note
-------+----------+-------------------------------------------
     0 | D:1      | Floobenga the Meteoran Earth Elementalist began the quest
                  | for the Orb.
     0 | D:1      | Reached XP level 1. HP: 14/14 MP: 5/5
    48 | D:1      | Found Hoet's Antique Weapon Boutique.
   121 | D:1      | Reached XP level 2. HP: 13/20 MP: 3/6
   145 | D:1      | Learned a level 2 spell: Passwall
   248 | D:4      | Reached XP level 3. HP: 26/26 MP: 4/8
   252 | D:4      | Learned a level 3 spell: Stone Arrow
   269 | D:5      | Entered Level 5 of the Dungeon
   271 | D:5      | Reached skill level 5 in Earth Magic
   271 | D:5      | Reached skill level 3 in Spellcasting
   271 | D:5      | Reached XP level 4. HP: 33/33 MP: 1/10
   300 | D:4      | Noticed a scorpion
   308 | D:4      | Killed a scorpion
   309 | D:4      | Reached skill level 1 in Fighting
   309 | D:4      | Reached skill level 4 in Spellcasting
   309 | D:4      | Reached XP level 5. HP: 24/40 MP: 1/13
   371 | D:5      | Noticed a water moccasin
   375 | D:5      | Killed a water moccasin
   376 | D:5      | Reached skill level 5 in Spellcasting
   376 | D:5      | Reached skill level 1 in Conjurations
   376 | D:5      | Reached XP level 6. HP: 47/47 MP: 4/15
   415 | D:5      | should have saved the trap from the adder by stepping :{
   445 | D:6      | Reached skill level 6 in Spellcasting
   457 | D:6      | Found a stormy altar of Qazlal.
   491 | D:6      | Found a sacrificial altar of Ru.
   491 | D:6      | Found a blossoming altar of Fedhas.
   504 | D:6      | Noticed an ogre
   515 | D:6      | Found an ornate altar of the Wu Jian Council.
   542 | D:6      | Slain by an ogre

Illustrated notes

* , #... , #.. , *
#.., ### , #..
#..## , #.###....##
*# #.##......# *
#####.#..........
,.......@......+, *
########...####
###.# , #.# ,, ,
#># *** * *
##########.#* ,
,........##...# ##
*#########.####..#*
#. ........#.#
#..., *


Turn 415 on D:5: should have saved the trap from the adder by stepping :{

Levels and vault maps discovered:
D:1:      dpeg_arrival_tiny_i, layout_rooms, serial_shops, shop,
          minmay_pentomino_u2
D:2:      layout_basic
D:3:      layout_loops_ring, nicolae_dithmenos_through_a_glass_darkly,
          grunt_decor_cap, minivault_24
D:4:      layout_loops_ring, mainiacjoe_overflow_surrounded_room,
          mainiacjoe_overflow_brackets
D:5:      layout_basic, lemuel_round_altar, minmay_temple_entry_ruins,
          corexii_item_surrounded_by_moat, corexii_mini_fake_secret_closet,
          minivault_19
D:6:      layout_loops_cross, lemuel_round_altar, lemuel_doored_altar,
          nicolae_overflow_two_pavilions, pdpol_wu_jian_five_deadly_venoms,
          nicolae_shop_clearance

Skill      XL: |  1  2  3  4  5  6 |
---------------+-------------------+-----
Earth Magic    | 4 5 |  5.0
Spellcasting   | 3 4 5 6 |  6.4
Fighting       | 1 |  1.0
Throwing       | 2 |  2.0
Conjurations   | 1 |  1.0
Dodging        | |  2.4
Stealth        | |  1.4
Transmutations | |  1.2

Action                     |  1- 3 |  4- 6 || total
---------------------------+-------+-------++-------
  Throw: Dart              |     2 |     6 ||     8
   Cast: Sandblast         |    14 |     5 ||    19
         Passwall          |     5 |    14 ||    19
         Stone Arrow       |     1 |    11 ||    12
 Armour: Robe              |     1 |     2 ||     3
  Dodge: Dodged            |     1 |     7 ||     8
